 Dungeon Crawl Stone Soup version 0.29.0-4-gdea44cf6ec (webtiles) character file.

Game seed: 197776258209159191

296 qw the Chopper (level 6, -1/35 HPs)
             Began as a Tengu Warper on Aug 28, 2022.
             Slain by an orc
             ... wielding a +0 trident
              (6 damage)
             ... on level 4 of the Dungeon.
             The game lasted 00:00:24 (3687 turns).

qw the Chopper (Tengu Warper)                       Turns: 3687, Time: 00:00:25

Health: -1/35      AC:  8    Str: 13    XL:     6   Next: 35%
Magic:  10/10      EV:  7    Int: 14    God:
Gold:   199        SH:  0    Dex: 13    Spells: 9/9 levels left

rFire   . . .      SeeInvis .   e - +0 war axe
rCold   . . .      Faith    .   (no shield)
rNeg    . . .      Spirit   .   j - +0 chain mail
rPois   .          Reflect  .   (helmet restricted)
rElec   .          Harm     .   (no cloak)
rCorr   .          Rampage  .   (no gloves)
Will    .....                   (boots unavailable)
Stlth   ..........              (no amulet)
HPRegen 0.11/turn               (no ring)
MPRegen 0.12/turn               (no ring)

@: flying quickly and evasively, quick
A: beak, talons 3, nimble flight
a: no special abilities


You were on level 4 of the Dungeon.
You visited 1 branch of the dungeon, and saw 4 of its levels.

You collected 199 gold pieces.


Innate Abilities, Weirdness & Mutations

You have a beak for a mouth.
You have claws for feet.
Your magical nature lets you fly swiftly and evasively.


   Skills:
 - Level 2.0 Fighting
 + Level 6.6 Axes
 - Level 1.0 Throwing
 - Level 2.7 Armour
 - Level 2.1 Dodging
 - Level 2.0 Spellcasting
 - Level 2.4 Translocations


You had 9 spell levels left.
You didn't know any spells.
Your spell library contained the following spells:

 Spells                   Type           Power      Damage    Failure   Level
 Blink                    Tloc           16%        N/A       99%         2
 Gell's Gravitas          Tloc           8%         N/A       100%        3
 Lesser Beckoning         Tloc           8%         N/A       100%        3
 Teleport Other           Tloc           8%         N/A       100%        3
 Manifold Assault         Tloc           8%         N/A       100%        5

Inventory:

Hand Weapons
 e - a +0 war axe (weapon)
 m - a +3 mace
Armour
 b - a +0 ring mail of fire resistance
 j - a +0 chain mail (worn)
Jewellery
 o - a ring of resist corrosion
Scrolls
 c - 2 scrolls of identify
 l - a scroll of brand weapon {unknown}
 n - a scroll of torment {unknown}
Potions
 a - a potion of curing
 d - a potion of might
 f - a potion of mutation {unknown}
 g - a potion of flight {unknown}
 h - a potion of resistance
 k - a potion of lignification {unknown}

Dungeon Overview and Level Annotations

Branches:
Dungeon (4/15)
 Temple: D:4-7

Altars:
Zin

Annotations:
D:4 1 runed translucent door


Message History

The scorpion barely misses you. The scorpion stings you.
You hit the scorpion.
You peck the scorpion, but do no damage.
The scorpion is almost dead.
You feel very sick. The scorpion stings you.
3681 ||| READING scroll of teleportation.
As you read the scroll of teleportation, it crumbles to dust.
You feel strangely unstable.
You feel sick. The scorpion stings you.
The scorpion stings you but does no damage.
You closely miss the scorpion. You claw the scorpion.
You kill the scorpion!
You feel sick.
3683 ||| DRINKING 2 potions of curing.
You feel better.
3683 ||| (to cure poison)
You start resting.
Your surroundings suddenly seem different.
An ufetubus, an orc and a scorpion come into view.
The ufetubus shouts!
The orc shouts!
The ufetubus hits you but does no damage.
The ufetubus barely misses you. The orc closely misses you.
The ufetubus hits you. The ufetubus closely misses you.
You hit the ufetubus. Your kick misses the ufetubus. You peck the ufetubus.
The ufetubus is severely wounded.
You barely miss the orc. The ufetubus barely misses you. The ufetubus hits you.
The orc closely misses you.
You hit the ufetubus. Your kick misses the ufetubus.
The ufetubus is almost dead.
You barely miss the orc. You hit the scorpion.
The ufetubus hits you but does no damage.
The ufetubus hits you.
A quokka comes into view.
The scorpion stings you but does no damage.
The orc hits you but does no damage. The ufetubus closely misses you.
The ufetubus hits you.
The scorpion stings you but does no damage.
The orc hits you with a +0 trident.
You die...

##...##.........#..
#...#.............
+...............##
#............##
########..............
#...........##.#####..
#........##..#.# ##..
#....s..##.....# ##...
#.@......%...##....
#o5.........##.....
#............##....#
..................(##
.........#..........##
..r###.#................
... ## ................
.. ................
..........


You could see a scorpion, an orc, an ufetubus and a quokka.

Vanquished Creatures
  2 scorpions (D:4)
  A hound (D:4)
  An orc wizard (D:3)
  6 adders
  A worm (D:2)
  A dart slug (D:2)
  7 orcs
  6 endoplasms
  4 giant cockroaches (D:1)
  4 hobgoblins
  5 kobolds
  5 quokkas
  4 ball pythons
  6 bats
  5 frilled lizards
  5 goblins
  7 rats
70 creatures vanquished.

Notes
Turn   | Place    | Note
-------+----------+-------------------------------------------
     0 | D:1      | qw the Tengu Warper began the quest for the Orb.
     0 | D:1      | Reached XP level 1. HP: 12/12 MP: 4/4
     0 | D:1      | 0 ||| qw: Version: 0.1-a-89-g26bdef1
     0 | D:1      | 0 ||| qw: Game counter: 1592
     0 | D:1      | 0 ||| qw: Always use a shield: true
     0 | D:1      | 0 ||| qw: God list: Okawaru
     0 | D:1      | 0 ||| qw: Allow faded altars: false
     0 | D:1      | 0 ||| qw: Do Orc after D:15 true
     0 | D:1      | 0 ||| qw: Do second Lair branch before Depths: true
     0 | D:1      | 0 ||| qw: Lair rune preference: random
     0 | D:1      | 0 ||| qw: Plans: Normal
     0 | D:1      | 0 ||| PLANNING D:1-11
    13 | D:1      | 13 ||| Stepping ~*~*~tactically~*~*~ (stealth).
   144 | D:1      | 144 ||| Stepping ~*~*~tactically~*~*~ (stealth).
   151 | D:1      | Reached XP level 2. HP: 17/17 MP: 6/6
   155 | D:1      | Reached skill level 3 in Axes
   543 | D:1      | 543 ||| DROPPING +0 club.
   576 | D:1      | 576 ||| Stepping ~*~*~tactically~*~*~ (stealth).
   592 | D:1      | 592 ||| Stepping ~*~*~tactically~*~*~ (stealth).
   970 | D:1      | 970 ||| UPGRADING to +0 chain mail.
   980 | D:1      | 980 ||| DROPPING +0 leather armour.
   981 | D:1      | 981 ||| READING scroll labelled PIRCHO WUSAFF.
   982 | D:1      | 982 ||| DROPPING scroll of blinking.
  1028 | D:2      | 1028 ||| STAIRDANCE
  1109 | D:2      | 1109 ||| Stepping ~*~*~tactically~*~*~ (stealth).
  1111 | D:2      | 1111 ||| Stepping ~*~*~tactically~*~*~ (stealth).
  1112 | D:2      | 1112 ||| Stepping ~*~*~tactically~*~*~ (stealth).
  1120 | D:2      | Reached skill level 4 in Axes
  1120 | D:2      | Reached XP level 3. HP: 21/21 MP: 7/7
  1292 | D:2      | 1292 ||| Stepping ~*~*~tactically~*~*~ (stealth).
  1534 | D:2      | Reached XP level 4. HP: 25/26 MP: 8/8
  1642 | D:2      | 1642 ||| Stepping ~*~*~tactically~*~*~ (stealth).
  1643 | D:2      | 1643 ||| Stepping ~*~*~tactically~*~*~ (stealth).
  1784 | D:2      | 1784 ||| READING scroll labelled JEGRYR ZESTYNE.
  1788 | D:2      | 1788 ||| READING scroll labelled NOFYOGH MONWI.
  1789 | D:2      | 1789 ||| DRINKING 2 coppery potions.
  1790 | D:2      | 1790 ||| DRINKING 2 sedimented cyan potions.
  1863 | D:3      | Identified the +1 leather armour "Fofog" {rC+ Will+}
  1977 | D:3      | Found a glowing silver altar of Zin.
  2052 | D:3      | 2052 ||| Stepping ~*~*~tactically~*~*~ (stealth).
  2138 | D:3      | 2138 ||| Stepping ~*~*~tactically~*~*~ (hiding).
  2144 | D:3      | Reached skill level 5 in Axes
  2231 | D:3      | 2231 ||| DROPPING +0 mace.
  2358 | D:3      | Gained mutation: Your magical nature lets you fly swiftly
                  | and evasively. [Tengu growth]
  2358 | D:3      | Reached XP level 5. HP: 25/30 MP: 9/9
  2563 | D:3      | Found a faded altar of an unknown god.
  2621 | D:3      | 2621 ||| READING 2 scrolls labelled NAECAO GUCKU.
  2622 | D:3      | 2622 ||| READING scroll labelled WESTA PUKLALA.
  2662 | D:3      | 2662 ||| Stepping randomly (stuck).
  2740 | D:3      | 2740 ||| Stepping randomly (stuck).
  2830 | D:4      | 2830 ||| STAIRDANCE
  2843 | D:4      | 2843 ||| STAIRDANCE
  3059 | D:4      | 3059 ||| SWAPPING to +0 war axe.
  3060 | D:4      | 3060 ||| DROPPING +0 hand axe.
  3074 | D:4      | 3074 ||| Stepping ~*~*~tactically~*~*~ (stealth).
  3082 | D:4      | Reached skill level 6 in Axes
  3163 | D:4      | 3163 ||| FLEEEEING.
  3164 | D:4      | 3164 ||| FLEEEEING.
  3170 | D:4      | 3170 ||| STAIRDANCE
  3514 | D:4      | Reached XP level 6. HP: 34/35 MP: 10/10
  3643 | D:4      | Found a runed translucent door.
  3680 | D:4      | HP: 8/35 [scorpion (2)]
  3681 | D:4      | 3681 ||| READING scroll of teleportation.
  3681 | D:4      | HP: 3/35 [scorpion (4)]
  3682 | D:4      | HP: 1/35 [poisoned by a scorpion]
  3683 | D:4      | 3683 ||| DRINKING 2 potions of curing.
  3683 | D:4      | 3683 ||| (to cure poison)
  3687 | D:4      | HP: 7/35 [ufetubus (3)]
  3687 | D:4      | Slain by an orc

Levels and vault maps discovered:
D:1:      minmay_arrival_diagonal_passages, layout_rooms, st_stairs_4,
          minmay_hedge_maze, dk_noncrumbling_3, grunt_decor_fettered
D:2:      layout_basic
D:3:      layout_basic, mainiacjoe_overflow_alcove_2,
          nicolae_ecumenical_oubliette
D:4:      layout_cave_pools, ebering_ghost_sewer_f

Skill      XL: |  1  2  3  4  5 |
---------------+----------------+-----
Axes           | 4 5 6 |  6.6
Armour         | 2 |  2.7
Fighting       | |  2.0
Throwing       | |  1.0
Dodging        | |  2.1
Spellcasting   | |  2.0
Translocations | |  2.4

Action                   |  1- 3 |  4- 6 || total
-------------------------+-------+-------++-------
Melee: Hand axe          |    79 |    61 ||   140
       Kick              |    18 |    32 ||    50
       Peck              |    10 |    18 ||    28
       War axe           |       |    49 ||    49
       Punch             |       |     1 ||     1
Throw: Boomerang         |     7 |    19 ||    26
  Use: Scroll            |     1 |     5 ||     6
       Potion            |       |     3 ||     3
Armor: Leather armour    |     5 |       ||     5
       Chain mail        |    25 |    83 ||   108
Dodge: Dodged            |    27 |    36 ||    63

Table legend:
 A = Non-vault XP
 B = Vault XP
 C = Vault XP percentage of total XP
 D = Non-vault monster count
 E = Vault monster count
 F = Vault count percentage of total count
                 A         B        C        D         E       F
            +---------+---------+-------+---------+---------+-------
      Total |     421 |       3 |   0.7 |      68 |       2 |   2.9
            +---------+---------+-------+---------+---------+-------
        D:1 |      28 |       3 |   9.7 |      18 |       2 |  10.0
        D:2 |      57 |       0 |   0.0 |      19 |       0 |   0.0
        D:3 |      90 |       0 |   0.0 |      17 |       0 |   0.0
        D:4 |     246 |       0 |   0.0 |      14 |       0 |   0.0
            +---------+---------+-------+---------+---------+-------
